 Dungeon Crawl Stone Soup version 0.30-a0-777-ga9a30cbeda (console) character file.

Game seed: 3107369450822928306

22375 rlgrobin the Martial Artist (level 12, -11/97 HPs)
             Began as a Mummy Monk on Feb 14, 2023.
             Mangled by a five-headed hydra (13 damage)
             ... on level 4 of the Lair of Beasts.
             The game lasted 00:54:13 (18151 turns).

rlgrobin the Martial Artist (Mummy Monk)           Turns: 18151, Time: 00:54:14

Health: -11/97     AC: 10    Str: 14    XL:     12   Next: 62%
Magic:  12/12      EV: 24    Int:  9    God:
Gold:   1349       SH:  0    Dex: 18    Spells: 11/11 levels left

rFire   x . .      SeeInvis +      - Unarmed
rCold   + . .      Faith    +    (no shield)
rNeg    + + +      Spirit   .    (no body armour)
rPois   ∞          Reflect  .    r - +0 helmet of Indecent Exposure {Fly Str-2 SInv Stlth+}
rElec   .          Harm     .    (no cloak)
rCorr   .          Rampage  .    j - +1 pair of gloves
Will    +....                    f - +2 pair of boots
Stlth   +++                      (no amulet)
HPRegen 0.36/turn                b - +4 ring of protection
MPRegen 0.13/turn                p - ring of Ugoikuah {Contam rPois rN+ EV+5 Slay+3}

@: flying
A: cold resistance 1, negative energy resistance 3, torment resistance 2, heat
vulnerability 1, in touch with death 1, no potions, faith
a: no special abilities


You were on level 4 of the Lair of Beasts.
You visited 2 branches of the dungeon, and saw 15 of its levels.
You also visited: Trove and Ossuary.

You collected 1407 gold pieces.
You spent 58 gold pieces at shops.

Inventory:

Armour
 a - an orb of mayhem
 f - a +2 pair of boots (worn)
 j - a +1 pair of gloves (worn)
 r - the +0 helmet of Indecent Exposure (worn) {Fly Str-2 SInv Stlth+}
   (You found it in a treasure trove)

   Str:       It affects your strength (-2).
   SInv:      It lets you see invisible.
   Fly:       It grants you flight.
   Stlth:     It makes you more stealthy.
Jewellery
 b - a +4 ring of protection (left hand)
 d - a +4 ring of protection
 h - a +6 ring of dexterity
 k - a +6 ring of strength
 l - a ring of protection from cold
 m - a ring of protection from fire
 n - the ring "Waeruys" {rCorr Dex+2}
   (You found it in a treasure trove)

   [ring of resist corrosion]

   Dex:       It affects your dexterity (+2).
   rCorr:     It protects you from acid and corrosion.
 p - the ring of Ugoikuah (right hand) {Contam rPois rN+ EV+5 Slay+3}
   (You found it in a treasure trove)

   [ring of evasion]

   EV:        It affects your evasion (+5).
   Slay:      It affects your accuracy & damage with ranged weapons and melee
   (+3).
   rPois:     It protects you from poison.
   rN:        It protects you from negative energy.
   Contam:    It causes magical contamination when unequipped.
Scrolls
 i - a scroll of fog
 o - 3 scrolls of magic mapping
 q - 7 scrolls of identify


   Skills:
 + Level 9.7 Fighting
 - Level 10.7 Dodging
 - Level 3.0 Stealth
 - Level 12.7 Unarmed Combat


You had 11 spell levels left.
You didn't know any spells.
Your spell library contained the following spells:

 Spells                   Type           Power      Damage    Failure   Level
 Cigotuvi's Dreadful Rot  Necr/Pois/Air  0%         N/A       52%         2
 Portal Projectile        Hex/Tloc       0%         N/A       77%         3
 Tukima's Dance           Hex            0%         N/A       77%         3
 Vhi's Electric Charge    Tloc/Air       0%         N/A       77%         3
 Animate Dead             Necr           0%         N/A       99%         4
 Dispel Undead            Necr           0%         3d6       99%         4
 Arcjolt                  Conj/Air       0%         1d10      100%        5
 Borgnjor's Vile Clutch   Necr/Erth      0%         N/A       100%        5
 Death Channel            Necr           0%         N/A       100%        6
 Maxwell's Capacitive Co  Air            0%         ∞         100%        8
 Blade Hands              Tmut           Unusable   N/A       N/A         5

Dungeon Overview and Level Annotations

Branches:
Dungeon (10/15)            Temple (0/1) D:6            Lair (5/5) D:10
 Shoals (0/4) Lair:2       Spider (0/4) Lair:2        Slime (0/5) Lair:4
    Orc (0/2) D:9         Ossuary (visited)

Altars:
Cheibriados
Dithmenos
Fedhas
Gozag
Hepliaklqana
Makhleb
Okawaru
Qazlal
Ru
Vehumet
Xom
Yredelemnul

Shops:
D:1 [   D:3 !

Annotations:
D:5 1 runed translucent door, exclusions: iguana and ogre, Crazy Yiuf
D:6 Dowan, Duvessa, Eustachio, Grinder, Prince Ribbit
D:8 3 runed translucent doors, Maurice; Psyche; kae's ghost, novice NaTm
D:9 exclusion: wraith, Erica; Joseph
D:10 exclusion: 2 trolls, Nergalle
Lair:1 exclusion: cane toad
Lair:2 exclusions: bullfrog, 2 hydras and water moccasin
Lair:3 exclusions: black mamba and hydra


Innate Abilities, Weirdness & Mutations

You are immune to poison.
Your flesh is cold resistant. (rC+)
You are immune to negative energy. (rN+++)
You are immune to unholy pain and torment.
You are vulnerable to heat. (rF-)
You are in touch with the powers of death.
You do not drink.
You have a special connection with the divine. (Faith)


Message History

The skyshark misses you. x2
You hit the skyshark.
The skyshark is severely wounded.
The skyshark bites you! The skyshark tail-slaps you.
You punch the skyshark!
You kill the skyshark!
You completely miss the five-headed hydra.
You punch the five-headed hydra.
The five-headed hydra is lightly wounded.
The five-headed hydra misses you. The five-headed hydra bites you.
The five-headed hydra misses you.
The five-headed hydra completely misses you.
The five-headed hydra misses you.
You hit the five-headed hydra.
The five-headed hydra is lightly wounded.
The five-headed hydra bites you!
* * * LOW HITPOINT WARNING * * *
The five-headed hydra misses you.
The five-headed hydra completely misses you.
The five-headed hydra closely misses you.
The five-headed hydra bites you!
* * * LOW HITPOINT WARNING * * *
You pummel the five-headed hydra!!
The five-headed hydra is moderately wounded.
You punch the five-headed hydra!
The five-headed hydra is heavily wounded.
The five-headed hydra bites you but does no damage.
The five-headed hydra bites you!
* * * LOW HITPOINT WARNING * * *
The five-headed hydra bites you.
* * * LOW HITPOINT WARNING * * *
The five-headed hydra completely misses you.
The five-headed hydra bites you.
* * * LOW HITPOINT WARNING * * *
You hit the five-headed hydra.
The five-headed hydra is severely wounded.
The five-headed hydra misses you.
The five-headed hydra bites you but does no damage.
The five-headed hydra bites you!
You die...

~P≈≈≈≈≈≈≈~~~~.... ...#...##...
~~~≈≈≈≈≈≈~~~~..... .....#...##...
♣~≈≈≈≈≈≈≈~~~...... #.P..##..#....
~~~~≈≈≈≈~~♣♣......##.............
~~~~≈≈≈♣~~~~.........###.........
♣~~PP~~P~P~♣....##.P.##..........
♣~~~~~~~~~♣...## #..............
~♣~♣P~~P~♣~##..####..............
.♣~~~~~~~♣#.....@D...............
.♣~~~~~~~♣##.....#.P.##..........
..♣~~~P~~.......#######.P#.P.....
#..♣♣♣~♣.....#..# ######..#..
#÷..♣♣♣.....)#### ######
#...P♣♣#PP#### ##..## #### ####


You could see a five-headed hydra.

Vanquished Creatures
  A skyshark (Lair:4)
  A merfolk siren (Lair:2)
  3 black mambas
  12 elephants
  3 cane toads
  A rime drake (Lair:1)
  3 komodo dragons
  2 polar bears
  10 blink frogs
  4 wyverns (D:10)
  34 yaks
  A basilisk (D:10)
  17 water moccasins
  5 black bears
  An orc warrior (D:9)
  22 wolves
  A phantom (D:7)
  3 centaurs
  2 lemures
  An elf zombie (Ossuary)
  6 bullfrogs
  3 scorpions
  A gnoll sergeant (D:8)
  A water moccasin zombie (D:4)
  7 wights
  3 electric eels (Lair:4)
  2 howler monkeys (D:8)
  2 hounds (D:4)
  A gnoll bouda (D:4)
  An orc priest (D:8)
  2 jellies (D:7)
  2 centaur zombies (Ossuary)
  2 iguanas
  10 orc wizards
  6 hell rats (Lair:2)
  A statue (D:8)
  A hound zombie (D:4)
  2 mummies (Ossuary)
  A howler monkey zombie (D:4)
  13 gnolls
  9 adders
  2 white imps
  4 ufetubi
  5 adder zombies
  A worm (D:2)
  4 dart slugs
  35 orcs
  8 ball pythons
  4 endoplasms
  3 giant cockroaches
  4 goblins
  7 hobgoblins
  3 jackals (D:1)
  14 kobolds
  5 quokkas
  2 bats
  2 frilled lizards (D:1)
  10 hobgoblin zombies (Ossuary)
  A jackal zombie (Ossuary)
  12 kobold zombies (Ossuary)
  5 orc zombies (Ossuary)
  6 rats
  2 rat zombies (Ossuary)
342 creatures vanquished.

Vanquished Creatures (others)
  17 fungi
  146 plants
163 creatures vanquished.

Grand Total: 505 creatures vanquished

Notes
Turn   | Place    | Note
-------+----------+-------------------------------------------
     0 | D:1      | rlgrobin the Mummy Monk began the quest for the Orb.
     0 | D:1      | Reached XP level 1. HP: 18/18 MP: 1/1
    69 | D:1      | Reached XP level 2. HP: 24/24 MP: 2/2
   154 | D:1      | Found Gifeim Vil's Armour Emporium.
   338 | D:1      | Gained mutation: You are in touch with the powers of death.
                  | [Mummy growth]
   338 | D:1      | Reached XP level 3. HP: 29/29 MP: 3/3
   631 | D:1      | Bought a +0 pair of boots for 58 gold pieces
   817 | D:2      | Found a faded altar of an unknown god.
  1404 | D:2      | Reached skill level 3 in Unarmed Combat
  1910 | D:3      | Reached XP level 4. HP: 35/35 MP: 4/4
  1946 | D:3      | Found Sazicwech's Distillery.
  2397 | D:4      | Identified the +7 spear of the Witching Gods {speed, rPois
                  | rN+ Dex+3}
  2596 | D:4      | Reached skill level 4 in Unarmed Combat
  2596 | D:4      | Reached XP level 5. HP: 26/41 MP: 5/5
  2748 | D:4      | Reached skill level 5 in Unarmed Combat
  2748 | D:4      | Found a basalt altar of Yredelemnul.
  2796 | D:4      | Reached XP level 6. HP: 47/47 MP: 6/6
  3066 | D:4      | Found a burning altar of Makhleb.
  3066 | D:4      | Noticed a balrug
  3413 | D:5      | Entered Level 5 of the Dungeon
  3537 | D:5      | Found a runed translucent door.
  3538 | D:5      | Noticed Crazy Yiuf
  3857 | D:5      | You fall into a shaft and drop 1 floor!
  4394 | D:5      | Reached skill level 6 in Unarmed Combat
  4853 | D:6      | Reached XP level 7. HP: 51/52 MP: 7/7
  4920 | D:6      | Found a staircase to the Ecumenical Temple.
  4920 | D:6      | Noticed Prince Ribbit
  4940 | D:6      | Noticed Dowan
  4941 | D:6      | Noticed Duvessa
  5097 | D:5      | Found a blossoming altar of Fedhas.
  5319 | D:6      | Found an iron altar of Okawaru.
  5320 | D:6      | Found a shadowy altar of Dithmenos.
  5321 | D:6      | Found a sacrificial altar of Ru.
  5321 | D:6      | Found a snail-covered altar of Cheibriados.
  5321 | D:6      | Noticed Eustachio
  5432 | D:6      | Noticed Grinder
  5906 | D:7      | Found a stormy altar of Qazlal.
  6093 | D:7      | Reached skill level 7 in Unarmed Combat
  6448 | D:8      | Noticed Psyche
  6636 | D:8      | Reached XP level 8. HP: 58/58 MP: 8/8
  6763 | D:8      | Found a sand-covered staircase.
  6791 | D:8      | Reached skill level 8 in Unarmed Combat
  6895 | Ossuary  | Entered an ossuary
  7523 | D:8      | Found a runed translucent gate.
  7524 | D:8      | Found a runed translucent gate.
  7524 | D:8      | Found an opulent altar of Gozag.
  7525 | D:8      | Found a runed translucent gate.
  7527 | D:8      | Noticed kae's ghost (novice NaTm)
  7527 | D:8      | Noticed a meliai
  7751 | D:8      | Found a radiant altar of Vehumet.
  7783 | D:8      | Noticed Maurice
  7959 | D:9      | Noticed Erica
  8020 | D:9      | Reached skill level 5 in Dodging
  8501 | D:8      | Reached XP level 9. HP: 44/66 MP: 9/9
  8660 | D:9      | Reached skill level 5 in Fighting
  8661 | D:9      | Noticed Joseph
  8748 | D:9      | Noticed a two-headed ogre
  9236 | D:10     | Entered Level 10 of the Dungeon
  9236 | D:10     | Found a portal to a secret trove of treasure.
  9241 | Trove    | Entered a treasure trove
  9257 | Trove    | Identified the amulet "Feewia" {Will+ Regen+}
  9262 | Trove    | Identified the ring "Waeruys" {rCorr Dex+2}
  9264 | Trove    | Identified the ring of Ugoikuah {Contam rPois rN+ EV+5
                  | Slay+3}
  9269 | Trove    | Identified the +0 helmet of Indecent Exposure {Fly Str-2
                  | SInv Stlth+}
  9414 | D:9      | Found a staircase to the Orcish Mines.
  9546 | D:10     | Noticed a troll
  9588 | D:10     | Found a staircase to the Lair.
  9614 | D:10     | Reached skill level 9 in Unarmed Combat
  9845 | D:10     | Reached skill level 10 in Unarmed Combat
 10026 | D:10     | Reached XP level 10. HP: 61/77 MP: 10/10
 10450 | D:10     | Found a shimmering altar of Xom.
 10451 | D:10     | Found a hazy altar of Hepliaklqana.
 10556 | D:10     | Reached skill level 11 in Unarmed Combat
 10631 | D:10     | Noticed Nergalle
 11103 | Lair:1   | Entered Level 1 of the Lair of Beasts
 12233 | Lair:1   | Noticed a cane toad
 12715 | Lair:1   | Reached XP level 11. HP: 86/86 MP: 11/11
 13292 | Lair:1   | Found the +8 whip "Snakebite" {venom, curare, rPois}
 13422 | Lair:2   | Found a hole to the Spider Nest.
 13439 | Lair:2   | You are sucked into a shaft and drop 2 floors!
 13650 | Lair:4   | Found a staircase to the Slime Pits.
 13757 | Lair:5   | Entered Level 5 of the Lair of Beasts
 13920 | Lair:5   | Identified the +3 mace of Sury {holy, rPois rC+ Int+2}
 14137 | Lair:4   | Reached skill level 12 in Unarmed Combat
 14191 | Lair:4   | Noticed a five-headed hydra
 14677 | Lair:4   | Reached XP level 12. HP: 86/95 MP: 12/12
 14993 | Lair:3   | Noticed a seven-headed hydra
 15066 | Lair:2   | Noticed a six-headed hydra
 15438 | Lair:2   | Noticed a five-headed hydra
 16187 | Lair:2   | Found a staircase to the Shoals.
 16512 | Lair:3   | Reached skill level 10 in Dodging
 17420 | Lair:4   | Noticed a six-headed hydra
 18150 | Lair:4   | HP: 1/97 [five-headed hydra (5)]
 18151 | Lair:4   | Mangled by a five-headed hydra

Illustrated notes

Levels and vault maps discovered:
D:1:      dpeg_arrival_windows_large_door, layout_rooms, serial_shops,
          nicolae_shop_waterfront
D:2:      layout_basic, ebering_ecumenical_altar_webs, kennysheep_generic_room_3
D:3:      layout_basic, tso_altar, serial_shops, shop
D:4:      layout_loops_corners, makhleb_altar_promises_db,
          nicolae_yredelemnul_corpse_copse, chequers_serial_rivers_marsh,
          cheibrodos_gnoll_hut
D:5:      layout_loops_ring, lemuel_round_altar, uniq_crazy_yiuf_cottage
D:6:      layout_gridville, mainiacjoe_overflow_alcove_3,
          minmay_temple_entry_ruins, uniq_eustachio, uniq_grinder,
          uniq_prince_ribbit1, uniq_duvessa
D:7:      layout_loops_ring, mainiacjoe_overflow_chevrons,
          wad_floor_pattern_untrapped
D:8:      layout_basic, vehumet_statue, ebering_ghost_gozag,
          nicolae_ossuary_entry_monument, chequers_serial_rivers_micro_a,
          uniq_psyche, uniq_maurice
D:9:      layout_gridville, pdpol_temple_overflow_zin_treasury_gozag_greed,
          david_orc_1_choice, kennysheep_donut, grunt_decor_resistance,
          hellmonk_bongcloud_opening, hangedman_abyss_or_decor_slice,
          hangedman_minor_gate_pass, uniq_pikel, uniq_gastronok, uniq_erica,
          uniq_joseph
D:10:     layout_loops_ring, regret_index_temple_of_mockery,
          minmay_lair_entry_grove, enter_trove_0, uniq_nergalle
Lair:1:   minmay_guarded_unrand_snakebite, layout_regular_city
Lair:2:   layout_chaotic_city, minmay_shoals_entry_lonely_mermaid,
          dummy_spider_entry, grunt_megastairs_5
Lair:3:   layout_regular_city, infiniplex_staircase_pool_2
Lair:4:   layout_misc_corridors, slime_entry_1, special_room [special_room_bee],
          serial_bayou, serial_bayou_lake_a, serial_bayou_lagoon_a,
          serial_bayou_pond_a, serial_bayou_pond_a
Lair:5:   minmay_lair_end_enchanted_forest, layout_cave_pods, uniq_kirke,
          uniq_snorg

Skill      XL: |  1  2  3  4  5  6  7  8  9 10 11 12 |
---------------+-------------------------------------+-----
Stealth        | 2 3 |  3.0
Unarmed Combat | 3 4 5 6 7 8 10 11 12 | 12.7
Dodging        | 3 5 6 8 10 | 10.7
Fighting       | 4 6 8 9 |  9.7

Action                     |  1- 3 |  4- 6 |  7- 9 | 10-12 || total
---------------------------+-------+-------+-------+-------++-------
  Melee: Unarmed           |   187 |   328 |   597 |   746 ||  1858
         Punch             |     4 |    12 |    35 |    75 ||   126
    Use: Scroll            |     3 |     5 |     8 |     8 ||    24
   Stab: Sleeping          |     8 |     2 |     3 |    12 ||    25
         Distracted        |       |     3 |       |       ||     3
 Armour: Skin              |    59 |   126 |   160 |   145 ||   490
  Dodge: Dodged            |   115 |   204 |   336 |   675 ||  1330

Table legend: (Time is in decaauts)
 A = Elapsed time spent in this place.
 B = Non-inter-level travel time spent in this place.
 C = Inter-level travel time spent in this place.
 D = Time resting spent in this place.
 E = Time spent auto-exploring this place.
 F = Levels seen in this place.
 G = Mean time per level.
                   A        B        C        D        E       F      G
               +--------+--------+--------+--------+--------+-----+--------+
         Total |  17887 |  16940 |    947 |   4582 |   6595 |  17 | 1052.2 |
       Dungeon |  11188 |  10423 |    765 |   2417 |   4532 |  10 | 1118.8 |
          Lair |   6154 |   5973 |    181 |   2036 |   1989 |   5 | 1230.8 |
         Trove |     46 |     46 |      0 |      0 |      0 |   1 |   46.0 |
       Ossuary |    497 |    497 |      0 |    129 |     74 |   1 |  497.0 |
               +--------+--------+--------+--------+--------+-----+--------+

Top non-repeatable levels by time:
    D:10: 2405 daAuts
  Lair:1: 1699 daAuts
  Lair:4: 1645 daAuts
     D:8: 1643 daAuts
     D:5: 1358 daAuts
     D:4: 1340 daAuts
  Lair:2: 1306 daAuts
  Lair:3: 1144 daAuts
     D:2: 990 daAuts
     D:7: 809 daAuts
     D:3: 745 daAuts
     D:9: 707 daAuts
     D:1: 627 daAuts
     D:6: 560 daAuts
 Ossuary: 497 daAuts
